 Dungeon Crawl Stone Soup version 0.22.1-5-g62c59d919a (webtiles) character file.

283 Naow the Chopper (level 6, -3/47 HPs)
             Began as a Formicid Fighter on Jan 7, 2019.
             Slain by Grinder (4 damage)
             ... on level 4 of the Dungeon.
             The game lasted 00:04:18 (2307 turns).

Naow the Chopper (Formicid Fighter)                 Turns: 2307, Time: 00:04:20

Health: -3/47      AC:  7    Str: 22    XL:     6   Next: 54%
Magic:  6/6        EV:  8    Int:  8    God:
Gold:   91         SH:  9    Dex: 10    Spells: 5/5 levels left

rFire    . . .     SeeInvis +   a - +0 war axe
rCold    + . .     Gourm    .   c - +0 shield
rNeg     . . .     Faith    .   l - +2 ring mail {rC+}
rPois    .         Spirit   .   (helmet unavailable)
rElec    .         Reflect  .   (no cloak)
rCorr    .         Harm     .   (no gloves)
MR       .....                  (no boots)
Stlth    ..........             (no amulet)
HPRegen  0.15/turn              (no ring)
MPRegen  0.10/turn              (no ring)

@: very slightly contaminated, invisible
A: permanent stasis, dig shafts and tunnels, four strong arms, antennae 3
a: Dig, Shaft Self


You were on level 4 of the Dungeon.
You were not hungry.

You visited 1 branch of the dungeon, and saw 4 of its levels.

You collected 91 gold pieces.

Inventory:

Hand Weapons
 a - a +0 war axe (weapon)
Armour
 b - a +0 scale mail
 c - a +0 shield (worn)
 l - a +2 ring mail of cold resistance (worn)
 m - a +0 plate armour
Wands
 n - a wand of digging (9)
Scrolls
 e - 6 scrolls of identify {unknown}
 g - a scroll of teleportation {unknown}
 p - a scroll of noise {unknown}
 q - 2 scrolls of remove curse {unknown}
 r - 2 scrolls of enchant armour {unknown}
Potions
 d - a potion of might
 h - a potion of flight {unknown}
 j - a potion of heal wounds {unknown}
 o - a potion of cancellation {unknown}
Comestibles
 f - 4 rations


   Skills:
 - Level 3.2 Fighting
 + Level 6.4 Axes
 - Level 3.2 Armour
 - Level 3.6 Shields


You had 5 spell levels left.
You didn't know any spells.
Your spell library contained the following spells:

 Spells                   Type           Power        Failure   Level  Hunger
 Confusing Touch          Hex            #.....       91%         1    ##.....
 Confuse                  Hex            #.......     100%        3    ####...
 Gell's Gravitas          Tloc           #.........   100%        3    ####...
 Petrify                  Tmut/Erth      #.......     100%        4    #####..
 Metabolic Englaciation   Hex/Ice        #.........   100%        5    ######.
 Yara's Violent Unravell  Hex/Tmut       #.........   100%        5    ######.


Dungeon Overview and Level Annotations

Branches:
Dungeon (4/15)
 Temple: D:4-7

Altars:
Uskayaw

Annotations:
D:4 Grinder


Innate Abilities, Weirdness & Mutations

You cannot be hasted, slowed, berserked, paralysed or teleported.
You can dig through walls and to a lower floor.
Your four strong arms can wield two-handed weapons with a shield.
You have a pair of large antennae on your head. (SInv)


Message History

The jackal bites you but does no damage.
Grinder hits you.
* * * LOW HITPOINT WARNING * * *
You writhe in agony.
* * * LOW HITPOINT WARNING * * *
The jackal bites you but does no damage.
It was a potion of magic.
Magic courses through your body. Grinder hits you but does no damage.
The jackal misses you.
It was a potion of invisibility.
You fade into invisibility!
The jackal closely misses you. Grinder hits you but does no damage.
The jackal closely misses you.
You are very lightly contaminated with residual magic.
You closely miss Grinder.
Grinder is moderately wounded.
You strike the helpless jackal from behind!
You hit the jackal but do no damage. Grinder hits you!
* * * LOW HITPOINT WARNING * * *
You writhe in agony.
You die...

#..............#[#
#..............#.#
#..............#.#
#............5.#.#
..........######l#
########### #h#
#h# #h# #@# #5#
#.# #.# #.# #.#
#.# #.# #.#


You could see Grinder, an iguana and 3 jackals.

Vanquished Creatures
  A sky beast (D:2)
  An orc wizard (D:3)
  A worker ant (D:4)
  5 adders
  2 worms (D:2)
  3 dart slugs
  A leopard gecko (D:2)
  10 orcs (D:3)
  A giant cockroach (D:3)
  12 goblins
  9 hobgoblins
  4 jackals
  9 kobolds
  2 ball pythons (D:3)
  A bat (D:2)
  6 frilled lizards
  8 rats
76 creatures vanquished.

Notes
Turn   | Place    | Note
-------+----------+-------------------------------------------
     0 | D:1      | Naow the Formicid Fighter began the quest for the Orb.
     0 | D:1      | Reached XP level 1. HP: 18/18 MP: 1/1
    51 | D:1      | Reached XP level 2. HP: 21/24 MP: 2/2
   187 | D:1      | Reached skill level 3 in Axes
   441 | D:2      | Reached XP level 3. HP: 29/29 MP: 3/3
   726 | D:2      | Found a hide-covered altar of Uskayaw.
   875 | D:2      | Noticed a sky beast
   881 | D:2      | Reached skill level 4 in Axes
   881 | D:2      | Reached XP level 4. HP: 32/35 MP: 4/4
   907 | D:2      | Killed a sky beast
   907 | D:2      | Reached skill level 5 in Axes
   907 | D:2      | Reached XP level 5. HP: 33/41 MP: 5/5
  1351 | D:3      | Reached XP level 6. HP: 41/47 MP: 6/6
  1387 | D:3      | Reached skill level 6 in Axes
  2266 | D:4      | Noticed Grinder
  2307 | D:4      | HP: 1/47 [Grinder (8)]
  2307 | D:4      | Slain by Grinder

Skill      XL: |  1  2  3  4  5  6 |
---------------+-------------------+-----
Axes           | 3 4 5 6 |  6.4
Fighting       | |  3.2
Armour         | |  3.2
Shields        | |  3.6

Action                   |  1- 3 |  4- 6 || total
-------------------------+-------+-------++-------
Melee: War axe           |    80 |   191 ||   271
  Use: Potion            |       |     2 ||     2
 Stab: Invisible         |       |     1 ||     1
  Eat: Chunk             |       |     5 ||     5
Armor: Scale mail        |    27 |       ||    27
       Ring mail         |     9 |    84 ||    93
Dodge: Dodged            |    25 |    73 ||    98
Block: Shield            |    35 |   108 ||   143
